Islanders vs Stars

Created - 10 novembre 2017 at 15:55

Goals
1 2 3 T
Islanders 1 0 1 2
Stars 1 2 1 4
Shots
1 2 3 T
Islanders 7 6 5 18
Stars 7 11 18 36

1st period

1. Stars , Loui Eriksson 7 (John Klingberg 5, Tyler Donati 6) at 5:14 (PP)
2. Islanders , T.J. Galiardi 2 (Jiri Tlusty 2) at 6:44

Penalties :
Grant Clitsome (NYI) for High sticking (Minor) at 5:04, Dan Hamhuis (DAL) for High sticking (Minor) at 13:55, Jared Cowen (NYI) for Tripping (Minor) at 19:36

2nd period

3. Stars , Sean Monahan 5 (Milan Michalek 4, Dan Hamhuis 9) at 10:41
4. Stars , Joni Pitkanen 3 (Alexander Wennberg 8, Jeff Carter 4) at 17:55

Penalties :
Tyler Donati (DAL) for High sticking (Minor) at 13:51, Adam McQuaid (NYI) for High sticking (Double Minor) at 13:51

3rd period

5. Stars , Alexander Wennberg 3 (Mike Hoffman 5, John Klingberg 6) at 0:42
6. Islanders , Leo Komarov 1 (Adam McQuaid 1, Denis Tolpeko 6) at 14:54

Penalties :
Leo Komarov (NYI) for Interference (Minor) at 9:46

Goalie Stats

Carey Price (NYI), 32 saves from 36 shots - (0,889), L, 5-9-2, 60:00 minutes
Frederik Andersen (DAL), 16 saves from 18 shots - (0,889), W, 4-6-1, 60:00 minutes

Players Stats for Islanders

Player Name              G  A  P  +/- PIM S  H  SB GA TA FO     MP     PP MP  PK MP  
------------------------------------------------------------------------------------
Adam McQuaid             0  1  1   0  4   0  2  2  0  0  0/0    11:27   0:00   0:00 
Alex Burrows             0  0  0   0  0   0  1  0  0  0  2/6     4:08   0:00   0:00 
Andrew MacDonald         0  0  0  -1  0   1  2  2  0  0  0/0    17:40   0:00   3:32 
Brian Strait             0  0  0   0  0   0  3  0  0  0  0/0    23:38   0:59   0:00 
Carl Gunnarsson          0  0  0   0  0   1  4  2  0  0  0/0    26:32   1:00   3:31 
Casey Cizikas            0  0  0   0  0   0  0  0  0  0  0/0     0:00   0:00   0:00 
Chris Higgins            0  0  0   0  0   0  0  0  0  0  1/5    20:20   1:00   1:28 
David Desharnais         0  0  0   0  0   0  0  2  0  0  0/2    19:31   0:59   4:12 
Denis Tolpeko            0  1  1   0  0   0  0  0  0  0  5/9    19:46   0:59   4:40 
Drew Stafford            0  0  0  -1  0   3  0  1  0  0  0/1    19:49   0:00   0:00 
Grant Clitsome           0  0  0  -1  2   1  4  0  0  0  0/0    21:18   1:00   3:09 
Jared Cowen              0  0  0   0  2   2  0  2  0  0  0/0    19:22   0:59   2:04 
Jiri Tlusty              0  1  1  -1  0   2  2  0  0  0  0/0    17:37   0:59   0:00 
Leo Komarov              1  0  1   0  2   2  3  1  0  0  4/15   14:06   0:00   0:00 
Nino Niederreiter        0  0  0   0  0   0  0  0  0  0  1/1     4:08   0:00   0:00 
Scott Glennie            0  0  0   0  0   1  5  0  0  0  4/19   18:15   1:00   1:16 
Sergei Kostitsyn         0  0  0   0  0   4  1  1  0  0  1/3    17:34   1:00   0:40 
T.J. Galiardi            1  0  1  -1  0   1  1  0  0  0  15/28  16:38   0:00   0:00 

Players Stats for Stars

Player Name              G  A  P  +/- PIM S  H  SB GA TA FO     MP     PP MP  PK MP  
------------------------------------------------------------------------------------
Alexander Wennberg       1  1  2   1  0   3  0  1  0  0  19/29  18:08   3:01   1:26 
Brian Flynn              0  0  0   1  0   0  0  0  0  0  0/0     6:09   0:00   0:33 
Dan Hamhuis              0  1  1  -1  2   0  1  0  0  0  0/0    25:28   3:37   0:00 
James Neal               0  0  0  -1  0   1  5  1  0  0  0/2    18:54   3:01   0:00 
Jason Garrison           0  0  0   1  0   1  1  0  0  0  0/0    26:31   0:00   0:49 
Jeff Carter              0  1  1  -1  0   2  1  1  0  0  18/21  18:54   3:01   0:00 
Jeff Petry               0  0  0   0  0   0  0  1  0  0  0/0     4:54   0:00   1:10 
Jim Slater               0  0  0   1  0   0  0  0  0  0  4/6     6:09   0:00   0:33 
John Klingberg           0  2  2   1  0   5  0  1  0  0  0/0    19:55   3:37   0:31 
Joni Pitkanen            1  0  1   1  0   4  8  1  0  0  0/0    19:48   2:31   0:49 
Kevin Shattenkirk        0  0  0   0  0   3  1  0  0  0  0/0    23:23   2:31   0:39 
Loui Eriksson            1  0  1  -1  0   3  0  0  0  0  0/0    18:57   3:07   0:00 
Michael Ryan             0  0  0   1  0   0  0  0  0  0  1/1     7:02   0:00   1:26 
Mike Hoffman             0  1  1   1  0   2  0  1  0  0  0/0    13:41   0:00   0:00 
Milan Michalek           0  1  1   0  0   4  0  0  0  0  0/1    15:45   0:00   0:00 
Sean Monahan             1  0  1   0  0   4  1  0  0  0  13/28  19:50   3:07   0:00 
Tyler Donati             0  1  1   0  2   1  4  0  0  0  1/1    18:51   3:07   0:00 
Zack Kassian             0  0  0   1  0   3  4  0  0  0  0/0    13:41   0:00   0:00 

3 Stars

1 - Joni Pitkanen (DAL)
2 - Alexander Wennberg (DAL)
3 - John Klingberg (DAL)

Power Play

Islanders - 0 on 1 Attempt(s) - 0,00%
Stars - 1 on 4 Attempt(s) - 25,00%

Penalty Kill

Islanders - 3 on 4 Attempt(s) - 75,00% - Score 0 goal in Penalty Kill
Stars - 1 on 1 Attempt(s) - 100,00% - Score 0 goal in Penalty Kill

Team Stat

Islanders - Hits : 28 - Faceoff Wins : 33 - Blocked Shots : 13 - Penalty Minutes : 10
Stars - Hits : 26 - Faceoff Wins : 56 - Blocked Shots : 7 - Penalty Minutes : 4

Official

Referees : Ben Moser and Mike Langin
Linesman : Jack Millea and Andy McElman

Game Notes

No Game Note

Finance

Level 1 -- Attendance: 4692 (78,20%) -- Ticket Income 563 040 $
Level 2 -- Attendance: 5000 (100,00%) -- Ticket Income 375 000 $
Level 3 -- Attendance: 1689 (84,45%) -- Ticket Income 84 450 $
Level 4 -- Attendance: 2843 (71,08%) -- Ticket Income 113 720 $
Luxury Box -- Attendance: 1428 (100,00%) -- Ticket Income 378 420 $
Game was played at the American Airlines Center.
Total Attendance: 15652 (84,94%)
Total Ticket Income: 1 514 630 $
Other Income: 742 169 $
Total Income: 2 256 799 $

Islanders

5 vs 5 Forward 
   Center                   Left Wing                Right Wing               Time % Phy DF OF 
 1 T.J. Galiardi            Drew Stafford            Jiri Tlusty              40     1   2  2  
 2 Scott Glennie            Chris Higgins            Sergei Kostitsyn         30     1   2  2  
 3 Leo Komarov              David Desharnais         Denis Tolpeko            20     1   2  2  
 4 Alex Burrows             Drew Stafford            Nino Niederreiter        10     1   2  2  

5 vs 5 Defense 
   Defense                  Defense                                           Time % Phy DF OF 
 1 Carl Gunnarsson          Grant Clitsome                                    40     1   2  2  
 2 Brian Strait             Jared Cowen                                       30     1   2  2  
 3 Brian Strait             Andrew MacDonald                                  20     1   2  2  
 4 Adam McQuaid             Carl Gunnarsson                                   10     1   2  2  

PowerPlay Forward 
   Center                   Left Wing                Right Wing               Time % Phy DF OF 
 1 David Desharnais         Jiri Tlusty              Denis Tolpeko            60     1   2  2  
 2 Scott Glennie            Chris Higgins            Sergei Kostitsyn         40     1   2  2  

PowerPlay Defense
   Defense                  Defense                                           Time % Phy DF OF 
 1 Carl Gunnarsson          Grant Clitsome                                    60     1   2  2  
 2 Brian Strait             Jared Cowen                                       40     1   2  2  

Penalty Kill 4 Players Forward 
   Center                   Wing                     Time % Phy DF OF 
 1 Denis Tolpeko            David Desharnais         60     1   2  2  
 2 Chris Higgins            Scott Glennie            40     1   2  2  

Penalty Kill 4 Players Defense
   Defense                  Defense                  Time % Phy DF OF 
 1 Grant Clitsome           Carl Gunnarsson          60     1   2  2  
 2 Andrew MacDonald         Jared Cowen              40     1   2  2  

Penalty Kill - 3 Players Forward 
   Forward                                           Time % Phy DF OF 
 1 Scott Glennie                                     60     1   2  2  
 2 Jiri Tlusty                                       40     1   2  2  

Penalty Kill - 3 Players Defense
   Defense                  Defense                  Time % Phy DF OF 
 1 Grant Clitsome           Brian Strait             60     1   2  2  
 2 Carl Gunnarsson          Jared Cowen              40     1   2  2  

4 vs 4 Forward 
   Center                   Wing                     Time % Phy DF OF 
 1 Chris Higgins            Denis Tolpeko            60     1   2  2  
 2 David Desharnais         Scott Glennie            40     1   2  2  

4 vs 4 Defense
   Defense                  Defense                  Time % Phy DF OF 
 1 Carl Gunnarsson          Grant Clitsome           60     1   2  2  
 2 Brian Strait             Jared Cowen              40     1   2  2  

Last Minutes Offensive
   Center                   Left Wing                Right Wing               Defense                  Defense                  
   T.J. Galiardi            Scott Glennie            Jiri Tlusty              Carl Gunnarsson          Grant Clitsome           

Last Minutes Defensive
   Center                   Left Wing                Right Wing               Defense                  Defense                  
   T.J. Galiardi            Scott Glennie            Jiri Tlusty              Carl Gunnarsson          Grant Clitsome           

Goaltenders
Starting : Carey Price              
Backup : Jaroslav Halak           

Extra Forwards
Normal : Leo Komarov, David Desharnais, Denis Tolpeko - PP : Leo Komarov, David Desharnais - PK : Denis Tolpeko
Extra Defensemen
Normal : Andrew MacDonald, Jared Cowen, Grant Clitsome - PP : Jared Cowen - PK : Grant Clitsome, Jared Cowen
Penalty Shots
David Desharnais, Leo Komarov, Denis Tolpeko, Scott Glennie, Chris Higgins
Custom OT Lines Forwards
T.J. Galiardi, Nino Niederreiter, Jiri Tlusty, Scott Glennie, Chris Higgins, Sergei Kostitsyn, Leo Komarov, David Desharnais, Denis Tolpeko, Drew Stafford
Custom OT Lines Defensemen
Andrew MacDonald, Grant Clitsome, Carl Gunnarsson, Jared Cowen, Brian Strait

Scratches
Dylan Olsen (Torso Injury)

Stars

5 vs 5 Forward 
   Center                   Left Wing                Right Wing               Time % Phy DF OF 
 1 Sean Monahan             Tyler Donati             Milan Michalek           33     0   1  4  
 2 Jeff Carter              James Neal               Loui Eriksson            31     0   2  3  
 3 Alexander Wennberg       Mike Hoffman             Zack Kassian             29     1   2  2  
 4 Jim Slater               Brian Flynn              Michael Ryan             7      0   4  1  

5 vs 5 Defense 
   Defense                  Defense                                           Time % Phy DF OF 
 1 Joni Pitkanen            Jason Garrison                                    33     0   2  3  
 2 Dan Hamhuis              Kevin Shattenkirk                                 31     0   2  3  
 3 Jason Garrison           John Klingberg                                    28     0   3  2  
 4 Jason Garrison           Dan Hamhuis                                       8      0   4  1  

PowerPlay Forward 
   Center                   Left Wing                Right Wing               Time % Phy DF OF 
 1 Alexander Wennberg       Jeff Carter              James Neal               50     0   0  5  
 2 Sean Monahan             Tyler Donati             Loui Eriksson            50     0   0  5  

PowerPlay Defense
   Defense                  Defense                                           Time % Phy DF OF 
 1 Joni Pitkanen            Kevin Shattenkirk                                 50     0   1  4  
 2 Dan Hamhuis              John Klingberg                                    50     0   1  4  

Penalty Kill 4 Players Forward 
   Center                   Wing                     Time % Phy DF OF 
 1 Alexander Wennberg       Michael Ryan             55     0   4  1  
 2 Jim Slater               Brian Flynn              45     0   4  1  

Penalty Kill 4 Players Defense
   Defense                  Defense                  Time % Phy DF OF 
 1 Jason Garrison           Joni Pitkanen            55     0   5  0  
 2 Jeff Petry               Dan Hamhuis              45     0   5  0  

Penalty Kill - 3 Players Forward 
   Forward                                           Time % Phy DF OF 
 1 Jim Slater                                        55     0   5  0  
 2 Brian Flynn                                       45     0   5  0  

Penalty Kill - 3 Players Defense
   Defense                  Defense                  Time % Phy DF OF 
 1 Joni Pitkanen            Jason Garrison           55     0   5  0  
 2 Dan Hamhuis              Jeff Petry               45     0   5  0  

4 vs 4 Forward 
   Center                   Wing                     Time % Phy DF OF 
 1 Jeff Carter              James Neal               50     0   2  3  
 2 Sean Monahan             Loui Eriksson            50     0   2  3  

4 vs 4 Defense
   Defense                  Defense                  Time % Phy DF OF 
 1 Joni Pitkanen            Kevin Shattenkirk        50     0   2  3  
 2 John Klingberg           Dan Hamhuis              50     0   2  3  

Last Minutes Offensive
   Center                   Left Wing                Right Wing               Defense                  Defense                  
   Jeff Carter              Loui Eriksson            James Neal               Joni Pitkanen            Kevin Shattenkirk        

Last Minutes Defensive
   Center                   Left Wing                Right Wing               Defense                  Defense                  
   Jeff Carter              Loui Eriksson            Milan Michalek           Joni Pitkanen            Jason Garrison           

Goaltenders
Starting : Frederik Andersen        
Backup : Michael Garnett          

Extra Forwards
Normal : Alexander Wennberg, Mike Hoffman, Loui Eriksson - PP : Milan Michalek, Zack Kassian - PK : Loui Eriksson
Extra Defensemen
Normal : Dan Hamhuis, John Klingberg, Jeff Petry - PP : Jason Garrison - PK : Jeff Petry, John Klingberg
Penalty Shots
Loui Eriksson, James Neal, Jeff Carter, Joni Pitkanen, Milan Michalek
Custom OT Lines Forwards
Jeff Carter, James Neal, Sean Monahan, Loui Eriksson, Alexander Wennberg, Milan Michalek, Zack Kassian, Mike Hoffman, Tyler Donati, Brian Flynn
Custom OT Lines Defensemen
Joni Pitkanen, Kevin Shattenkirk, Dan Hamhuis, John Klingberg, Jason Garrison

Scratches
None


% Time on Ice - Islanders

Lines # - Real PCT - Wanted PCT - Time Play
Normal Forward
1 - 33% - 40% - 16:38
2 - 32% - 30% - 15:54
3 - 27% - 20% - 13:14
4 - 8% - 10% - 4:08
Normal Defense
1 - 29% - 40% - 14:38
2 - 27% - 30% - 13:32
3 - 25% - 20% - 12:22
4 - 19% - 10% - 9:22
PP Forward
1 - 50% - 60% - 0:59
2 - 50% - 40% - 1:00
PP Defense
1 - 50% - 60% - 1:00
2 - 50% - 40% - 0:59
PK Forward
1 - 79% - 60% - 4:52
2 - 21% - 40% - 1:16
PK Defense
1 - 42% - 60% - 2:36
2 - 58% - 40% - 3:32
PK3 Forward
1 - 0% - 60%
2 - 0% - 40%
PK3 Defense
1 - 0% - 60%
2 - 0% - 40%
44 Forward
1 - 96% - 60% - 1:54
2 - 4% - 40% - 0:05
44 Defense
1 - 45% - 60% - 0:53
2 - 55% - 40% - 1:06
Last Minute Offensive  - 0:00
Last Minute Defensive  - 0:00
Total
Forward - 60:00
Defense - 60:00

% Time on Ice - Stars

Lines # - Real PCT - Wanted PCT - Time Play
Normal Forward
1 - 32% - 33% - 15:45
2 - 30% - 31% - 14:52
3 - 27% - 29% - 13:41
4 - 11% - 7% - 5:36
Normal Defense
1 - 31% - 33% - 15:30
2 - 39% - 31% - 19:15
3 - 25% - 28% - 12:42
4 - 5% - 8% - 2:27
PP Forward
1 - 49% - 50% - 3:01
2 - 51% - 50% - 3:07
PP Defense
1 - 41% - 50% - 2:31
2 - 59% - 50% - 3:37
PK Forward
1 - 72% - 55% - 1:26
2 - 28% - 45% - 0:33
PK Defense
1 - 41% - 55% - 0:49
2 - 59% - 45% - 1:10
PK3 Forward
1 - 0% - 55%
2 - 0% - 45%
PK3 Defense
1 - 0% - 55%
2 - 0% - 45%
44 Forward
1 - 51% - 50% - 1:01
2 - 49% - 50% - 0:58
44 Defense
1 - 49% - 50% - 0:58
2 - 51% - 50% - 1:01
Last Minute Offensive  - 0:00
Last Minute Defensive  - 0:00
Total
Forward - 60:00
Defense - 60:00

Play by Play

1st period


0:01 of 1st period - Sean Monahan wins face-off versus Drew Stafford in neutral zone.
0:08 of 1st period - Shot by Sean Monahan.
0:08 of 1st period - Shot Blocked by Drew Stafford.
0:19 of 1st period - Shot by Jiri Tlusty.
0:19 of 1st period - Stopped by Frederik Andersen without a rebound.
0:20 of 1st period - Jeff Carter wins face-off versus Scott Glennie in Stars zone.
0:25 of 1st period - Brian Strait is hit by James Neal and loses puck.
0:47 of 1st period - Icing by Dan Hamhuis.
0:48 of 1st period - Jeff Carter wins face-off versus Leo Komarov in Stars zone.
1:09 of 1st period - Shot by Denis Tolpeko.
1:09 of 1st period - Deflect By David Desharnais.
1:09 of 1st period - Shot Misses the Net.
2:58 of 1st period - Jeff Petry is hit by Scott Glennie and loses puck.
3:07 of 1st period - Shot by Sean Monahan.
3:07 of 1st period - Stopped by Carey Price with a rebound.
4:13 of 1st period - Icing by Loui Eriksson.
4:14 of 1st period - Jeff Carter wins face-off versus Alex Burrows in Stars zone.
4:16 of 1st period - Icing by John Klingberg.
4:17 of 1st period - Jeff Carter wins face-off versus Alex Burrows in Stars zone.
4:27 of 1st period - Jason Garrison is hit by Alex Burrows and loses puck.
4:34 of 1st period - Shot by Drew Stafford.
4:34 of 1st period - Stopped by Frederik Andersen without a rebound.
4:35 of 1st period - Alexander Wennberg wins face-off versus Scott Glennie in Stars zone.
4:47 of 1st period - Mike Hoffman is hit by Grant Clitsome and loses puck.
4:53 of 1st period - Icing by Andrew MacDonald.
4:54 of 1st period - Scott Glennie wins face-off versus Milan Michalek in Islanders zone.
4:56 of 1st period - Icing by Chris Higgins.
4:57 of 1st period - Sean Monahan wins face-off versus Scott Glennie in Islanders zone.
5:03 of 1st period - Sean Monahan is hit by Grant Clitsome and loses puck.
5:04 of 1st period - Minor Penalty to Grant Clitsome for High sticking.
5:05 of 1st period - Alexander Wennberg wins face-off versus Denis Tolpeko in Islanders zone.
5:08 of 1st period - Shot by Joni Pitkanen.
5:08 of 1st period - Stopped by Carey Price without a rebound.
5:09 of 1st period - Sean Monahan wins face-off versus Denis Tolpeko in Islanders zone.
5:12 of 1st period - Shot by John Klingberg.
5:12 of 1st period - Shot Blocked by Jared Cowen.
5:14 of 1st period - Shot by Loui Eriksson.
5:14 of 1st period - Goal by Loui Eriksson - Islanders : 0 - Stars : 1.
5:15 of 1st period - T.J. Galiardi wins face-off versus Sean Monahan in neutral zone.
5:21 of 1st period - Icing by Milan Michalek.
5:22 of 1st period - Sean Monahan wins face-off versus T.J. Galiardi in Stars zone.
5:43 of 1st period - Shot by T.J. Galiardi.
5:43 of 1st period - Shot Misses the Net.
5:46 of 1st period - Icing by Dan Hamhuis.
5:47 of 1st period - Scott Glennie wins face-off versus Sean Monahan in Stars zone.
5:47 of 1st period - Grant Clitsome is hit by Jason Garrison and loses puck.
6:44 of 1st period - Shot by T.J. Galiardi.
6:44 of 1st period - Goal by T.J. Galiardi - Islanders : 1 - Stars : 1.
6:45 of 1st period - Alex Burrows wins face-off versus Alexander Wennberg in neutral zone.
6:53 of 1st period - Joni Pitkanen is hit by Andrew MacDonald and loses puck.
7:00 of 1st period - Shot by Alexander Wennberg.
7:00 of 1st period - Shot Misses the Net.
7:02 of 1st period - Shot by Zack Kassian.
7:02 of 1st period - Stopped by Carey Price without a rebound.
7:03 of 1st period - Jeff Carter wins face-off versus Leo Komarov in Islanders zone.
7:08 of 1st period - Shot by Loui Eriksson.
7:08 of 1st period - Shot Misses the Net.
7:13 of 1st period - Icing by Jared Cowen.
7:14 of 1st period - Alexander Wennberg wins face-off versus Leo Komarov in Islanders zone.
8:16 of 1st period - Jeff Carter is hit by Leo Komarov and loses puck.
9:18 of 1st period - Icing by Andrew MacDonald.
9:19 of 1st period - Sean Monahan wins face-off versus Scott Glennie in Islanders zone.
9:35 of 1st period - Milan Michalek is hit by Scott Glennie and loses puck.
9:40 of 1st period - Shot by Scott Glennie.
9:40 of 1st period - Shot Misses the Net.
9:42 of 1st period - Shot by Adam McQuaid.
9:42 of 1st period - Shot Misses the Net.
9:44 of 1st period - Shot by Andrew MacDonald.
9:44 of 1st period - Stopped by Frederik Andersen without a rebound.
9:45 of 1st period - Alex Burrows wins face-off versus Alexander Wennberg in Stars zone.
9:46 of 1st period - Shot by Nino Niederreiter.
9:46 of 1st period - Shot Misses the Net.
10:36 of 1st period - Icing by Drew Stafford.
10:37 of 1st period - Jeff Carter wins face-off versus Alex Burrows in Islanders zone.
10:39 of 1st period - Loui Eriksson is hit by Grant Clitsome and loses puck.
12:18 of 1st period - David Desharnais is hit by Joni Pitkanen.
12:32 of 1st period - Shot by Tyler Donati.
12:32 of 1st period - Shot Blocked by David Desharnais.
12:37 of 1st period - Sean Monahan is hit by Adam McQuaid and loses puck.
13:10 of 1st period - Shot by Jiri Tlusty.
13:10 of 1st period - Stopped by Frederik Andersen without a rebound.
13:11 of 1st period - Jim Slater wins face-off versus Scott Glennie in Stars zone.
13:35 of 1st period - Off-side.
13:36 of 1st period - Alexander Wennberg wins face-off versus T.J. Galiardi in neutral zone.
13:39 of 1st period - Jiri Tlusty is hit by Zack Kassian and loses puck.
13:55 of 1st period - Minor Penalty to Dan Hamhuis for High sticking.
13:56 of 1st period - Michael Ryan wins face-off versus Scott Glennie in Stars zone.
14:05 of 1st period - Shot by Grant Clitsome.
14:05 of 1st period - Stopped by Frederik Andersen without a rebound.
14:06 of 1st period - Alexander Wennberg wins face-off versus David Desharnais in Stars zone.
14:06 of 1st period - Joni Pitkanen is hit by Jiri Tlusty and loses puck.
14:18 of 1st period - Denis Tolpeko is hit by Joni Pitkanen and loses puck.
14:21 of 1st period - Shot by Brian Strait.
14:21 of 1st period - Deflect By Jiri Tlusty.
14:21 of 1st period - Shot Misses the Net.
14:23 of 1st period - Shot by Jared Cowen.
14:23 of 1st period - Stopped by Frederik Andersen without a rebound.
14:24 of 1st period - Jim Slater wins face-off versus Scott Glennie in Stars zone.
14:24 of 1st period - Jim Slater is hit by Scott Glennie.
16:39 of 1st period - Off-side.
16:40 of 1st period - Jeff Carter wins face-off versus Scott Glennie in neutral zone.
16:47 of 1st period - Off-side.
16:48 of 1st period - Jeff Carter wins face-off versus Leo Komarov in neutral zone.
17:19 of 1st period - Shot by Loui Eriksson.
17:19 of 1st period - Stopped by Carey Price without a rebound.
17:20 of 1st period - Alexander Wennberg wins face-off versus T.J. Galiardi in Islanders zone.
17:25 of 1st period - Shot by Alexander Wennberg.
17:25 of 1st period - Stopped by Carey Price without a rebound.
17:26 of 1st period - T.J. Galiardi wins face-off versus Alexander Wennberg in Islanders zone.
17:30 of 1st period - T.J. Galiardi is hit by Joni Pitkanen and loses puck.
17:46 of 1st period - Shot by Drew Stafford.
17:46 of 1st period - Shot Blocked by Alexander Wennberg.
18:06 of 1st period - T.J. Galiardi is hit by Joni Pitkanen and loses puck.
18:34 of 1st period - Chris Higgins is hit by Joni Pitkanen and loses puck.
18:55 of 1st period - Joni Pitkanen is hit by Scott Glennie and loses puck.
19:36 of 1st period - Minor Penalty to Jared Cowen for Tripping.
19:37 of 1st period - Sean Monahan wins face-off versus Denis Tolpeko in Islanders zone.
19:37 of 1st period - Loui Eriksson is hit by Grant Clitsome.
19:45 of 1st period - Shot by John Klingberg.
19:45 of 1st period - Stopped by Carey Price without a rebound.
19:46 of 1st period - Denis Tolpeko wins face-off versus Sean Monahan in Islanders zone.
Goals for this period are 1 for Islanders vs 1 for Stars.
Shots for this period are 7 for Islanders vs 7 for Stars.

2nd period


0:01 of 2nd period - Alexander Wennberg wins face-off versus Denis Tolpeko in neutral zone.
0:22 of 2nd period - David Desharnais is hit by James Neal and loses puck.
1:41 of 2nd period - Jim Slater is hit by Jiri Tlusty and loses puck.
1:48 of 2nd period - Shot by Drew Stafford.
1:48 of 2nd period - Shot Misses the Net.
1:56 of 2nd period - Shot by Drew Stafford.
1:56 of 2nd period - Stopped by Frederik Andersen without a rebound.
1:57 of 2nd period - Sergei Kostitsyn wins face-off versus Alexander Wennberg in Stars zone.
2:10 of 2nd period - Shot by Sergei Kostitsyn.
2:10 of 2nd period - Stopped by Frederik Andersen without a rebound.
2:11 of 2nd period - T.J. Galiardi wins face-off versus Jim Slater in Stars zone.
2:20 of 2nd period - Icing by Carl Gunnarsson.
2:21 of 2nd period - Sean Monahan wins face-off versus T.J. Galiardi in Islanders zone.
2:26 of 2nd period - Shot by Kevin Shattenkirk.
2:26 of 2nd period - Stopped by Carey Price without a rebound.
2:27 of 2nd period - T.J. Galiardi wins face-off versus Jeff Carter in Islanders zone.
2:27 of 2nd period - T.J. Galiardi is hit by Jeff Carter.
3:08 of 2nd period - Icing by Brian Strait.
3:09 of 2nd period - T.J. Galiardi wins face-off versus Sean Monahan in Islanders zone.
3:09 of 2nd period - T.J. Galiardi is hit by Sean Monahan.
3:26 of 2nd period - Off-side.
3:27 of 2nd period - Alexander Wennberg wins face-off versus Scott Glennie in neutral zone.
3:51 of 2nd period - Shot by Alexander Wennberg.
3:51 of 2nd period - Shot Misses the Net.
3:53 of 2nd period - Shot by Zack Kassian.
3:53 of 2nd period - Stopped by Carey Price without a rebound.
3:54 of 2nd period - Sean Monahan wins face-off versus Leo Komarov in Islanders zone.
3:54 of 2nd period - Dan Hamhuis is hit by Adam McQuaid and loses puck.
4:20 of 2nd period - Shot by Denis Tolpeko.
4:20 of 2nd period - Shot Misses the Net.
4:28 of 2nd period - Shot by Leo Komarov.
4:28 of 2nd period - Shot Misses the Net.
4:30 of 2nd period - Shot by Leo Komarov.
4:30 of 2nd period - Stopped by Frederik Andersen without a rebound.
4:31 of 2nd period - Jeff Carter wins face-off versus T.J. Galiardi in Stars zone.
5:30 of 2nd period - Shot by Grant Clitsome.
5:30 of 2nd period - Shot Blocked by Jeff Carter.
5:46 of 2nd period - Icing by Jason Garrison.
5:47 of 2nd period - Leo Komarov wins face-off versus James Neal in Stars zone.
6:21 of 2nd period - Leo Komarov is hit by Dan Hamhuis and loses puck.
6:50 of 2nd period - Shot by Milan Michalek.
6:50 of 2nd period - Stopped by Carey Price with a rebound.
6:52 of 2nd period - Shot by Sean Monahan.
6:52 of 2nd period - Shot Blocked by Carl Gunnarsson.
6:54 of 2nd period - Shot by Sean Monahan.
6:54 of 2nd period - Deflect By Milan Michalek.
6:54 of 2nd period - Stopped by Carey Price without a rebound.
6:55 of 2nd period - T.J. Galiardi wins face-off versus Alexander Wennberg in Islanders zone.
7:05 of 2nd period - Shot by Drew Stafford.
7:05 of 2nd period - Shot Misses the Net.
7:07 of 2nd period - Shot by T.J. Galiardi.
7:07 of 2nd period - Shot Blocked by Mike Hoffman.
7:09 of 2nd period - Shot by T.J. Galiardi.
7:09 of 2nd period - Shot Misses the Net.
7:11 of 2nd period - Shot by Carl Gunnarsson.
7:11 of 2nd period - Stopped by Frederik Andersen without a rebound.
7:12 of 2nd period - Jim Slater wins face-off versus Sergei Kostitsyn in Stars zone.
7:12 of 2nd period - Jim Slater is hit by Scott Glennie.
7:20 of 2nd period - Shot by Scott Glennie.
7:20 of 2nd period - Deflect By Sergei Kostitsyn.
7:20 of 2nd period - Stopped by Frederik Andersen with a rebound.
7:25 of 2nd period - Jim Slater is hit by Sergei Kostitsyn and loses puck.
7:46 of 2nd period - Shot by Jason Garrison.
7:46 of 2nd period - Shot Blocked by Andrew MacDonald.
8:14 of 2nd period - Shot by Alexander Wennberg.
8:14 of 2nd period - Shot Misses the Net.
8:57 of 2nd period - Icing by Andrew MacDonald.
8:58 of 2nd period - Scott Glennie wins face-off versus Sean Monahan in Islanders zone.
9:27 of 2nd period - Shot by Milan Michalek.
9:27 of 2nd period - Shot Misses the Net.
9:29 of 2nd period - Shot by John Klingberg.
9:29 of 2nd period - Stopped by Carey Price without a rebound.
9:30 of 2nd period - Jeff Carter wins face-off versus T.J. Galiardi in Islanders zone.
9:42 of 2nd period - T.J. Galiardi is hit by Joni Pitkanen and loses puck.
9:59 of 2nd period - Shot by T.J. Galiardi.
9:59 of 2nd period - Shot Misses the Net.
10:21 of 2nd period - Leo Komarov is hit by James Neal and loses puck.
10:39 of 2nd period - Shot by Milan Michalek.
10:39 of 2nd period - Shot Misses the Net.
10:41 of 2nd period - Shot by Sean Monahan.
10:41 of 2nd period - Goal by Sean Monahan - Islanders : 1 - Stars : 2.
10:42 of 2nd period - Alexander Wennberg wins face-off versus Alex Burrows in neutral zone.
10:51 of 2nd period - Shot by Mike Hoffman.
10:51 of 2nd period - Shot Misses the Net.
11:08 of 2nd period - Shot by Mike Hoffman.
11:08 of 2nd period - Shot Blocked by Adam McQuaid.
11:10 of 2nd period - Shot by Mike Hoffman.
11:10 of 2nd period - Shot Misses the Net.
11:19 of 2nd period - Mike Hoffman is hit by Carl Gunnarsson and loses puck.
13:11 of 2nd period - Icing by Chris Higgins.
13:12 of 2nd period - Alexander Wennberg wins face-off versus T.J. Galiardi in Islanders zone.
13:16 of 2nd period - Icing by Andrew MacDonald.
13:17 of 2nd period - T.J. Galiardi wins face-off versus Alexander Wennberg in Islanders zone.
13:19 of 2nd period - Icing by Chris Higgins.
13:20 of 2nd period - T.J. Galiardi wins face-off versus Sean Monahan in Islanders zone.
13:20 of 2nd period - T.J. Galiardi is hit by Tyler Donati.
13:51 of 2nd period - Minor Penalty to Tyler Donati for High sticking.
13:51 of 2nd period - Double Minor Penalty to Adam McQuaid for High sticking.
13:52 of 2nd period - Jeff Carter wins face-off versus Leo Komarov in Islanders zone.
14:29 of 2nd period - Shot by James Neal.
14:29 of 2nd period - Deflect By Jeff Carter.
14:29 of 2nd period - Shot Misses the Net.
14:49 of 2nd period - Off-side.
14:50 of 2nd period - Sean Monahan wins face-off versus Chris Higgins in neutral zone.
15:23 of 2nd period - Shot by Sean Monahan.
15:23 of 2nd period - Shot Misses the Net.
15:41 of 2nd period - Shot by Jeff Carter.
15:41 of 2nd period - Shot Misses the Net.
16:09 of 2nd period - Shot by Dan Hamhuis.
16:09 of 2nd period - Shot Misses the Net.
16:15 of 2nd period - Shot by Sergei Kostitsyn.
16:15 of 2nd period - Stopped by Frederik Andersen without a rebound.
16:16 of 2nd period - Denis Tolpeko wins face-off versus Sean Monahan in Stars zone.
17:07 of 2nd period - Shot by John Klingberg.
17:07 of 2nd period - Shot Misses the Net.
17:09 of 2nd period - Shot by John Klingberg.
17:09 of 2nd period - Stopped by Carey Price without a rebound.
17:10 of 2nd period - Chris Higgins wins face-off versus Sean Monahan in Islanders zone.
17:22 of 2nd period - Shot by Kevin Shattenkirk.
17:22 of 2nd period - Stopped by Carey Price without a rebound.
17:23 of 2nd period - Jeff Carter wins face-off versus Chris Higgins in Islanders zone.
17:37 of 2nd period - Icing by Alexander Wennberg.
17:38 of 2nd period - Alexander Wennberg wins face-off versus David Desharnais in Stars zone.
17:51 of 2nd period - Shot by Alexander Wennberg.
17:51 of 2nd period - Shot Blocked by Andrew MacDonald.
17:53 of 2nd period - Shot by Joni Pitkanen.
17:53 of 2nd period - Stopped by Carey Price with a rebound.
17:55 of 2nd period - Shot by Joni Pitkanen.
17:55 of 2nd period - Goal by Joni Pitkanen - Islanders : 1 - Stars : 3.
17:56 of 2nd period - Sean Monahan wins face-off versus T.J. Galiardi in neutral zone.
18:00 of 2nd period - Icing by Adam McQuaid.
18:01 of 2nd period - T.J. Galiardi wins face-off versus Sean Monahan in Islanders zone.
18:01 of 2nd period - T.J. Galiardi is hit by Tyler Donati.
19:28 of 2nd period - Shot by Chris Higgins.
19:28 of 2nd period - Shot Misses the Net.
19:38 of 2nd period - Shot by Jeff Carter.
19:38 of 2nd period - Shot Misses the Net.
19:40 of 2nd period - Shot by Loui Eriksson.
19:40 of 2nd period - Deflect By Jeff Carter.
19:40 of 2nd period - Shot Blocked by Jared Cowen.
19:46 of 2nd period - Shot by Loui Eriksson.
19:46 of 2nd period - Stopped by Carey Price without a rebound.
19:47 of 2nd period - Alexander Wennberg wins face-off versus Leo Komarov in Islanders zone.
19:52 of 2nd period - Shot by Mike Hoffman.
19:52 of 2nd period - Shot Blocked by Leo Komarov.
Goals for this period are 0 for Islanders vs 2 for Stars.
Shots for this period are 6 for Islanders vs 11 for Stars.

3rd period


0:01 of 3rd period - T.J. Galiardi wins face-off versus Sean Monahan in neutral zone.
0:06 of 3rd period - Shot by Carl Gunnarsson.
0:06 of 3rd period - Shot Misses the Net.
0:16 of 3rd period - Shot by John Klingberg.
0:16 of 3rd period - Stopped by Carey Price without a rebound.
0:17 of 3rd period - Jeff Carter wins face-off versus Scott Glennie in Islanders zone.
0:32 of 3rd period - Shot by Loui Eriksson.
0:32 of 3rd period - Deflect By James Neal.
0:32 of 3rd period - Stopped by Carey Price without a rebound.
0:33 of 3rd period - Alexander Wennberg wins face-off versus T.J. Galiardi in Islanders zone.
0:34 of 3rd period - Shot by Mike Hoffman.
0:34 of 3rd period - Stopped by Carey Price without a rebound.
0:35 of 3rd period - Alexander Wennberg wins face-off versus T.J. Galiardi in Islanders zone.
0:38 of 3rd period - Shot by Mike Hoffman.
0:38 of 3rd period - Shot Misses the Net.
0:40 of 3rd period - Shot by Alexander Wennberg.
0:40 of 3rd period - Shot Misses the Net.
0:42 of 3rd period - Shot by Alexander Wennberg.
0:42 of 3rd period - Goal by Alexander Wennberg - Islanders : 1 - Stars : 4.
0:43 of 3rd period - Tyler Donati wins face-off versus T.J. Galiardi in neutral zone.
0:58 of 3rd period - T.J. Galiardi is hit by Tyler Donati.
1:00 of 3rd period - Shot by Grant Clitsome.
1:00 of 3rd period - Deflect By Drew Stafford.
1:00 of 3rd period - Shot Misses the Net.
1:09 of 3rd period - Icing by Carl Gunnarsson.
1:10 of 3rd period - T.J. Galiardi wins face-off versus Alexander Wennberg in Islanders zone.
3:27 of 3rd period - Shot by Denis Tolpeko.
3:27 of 3rd period - Shot Misses the Net.
4:01 of 3rd period - Brian Flynn is hit by Carl Gunnarsson and loses puck.
5:05 of 3rd period - James Neal is hit by Brian Strait and loses puck.
5:51 of 3rd period - Chris Higgins is hit by Joni Pitkanen and loses puck.
6:00 of 3rd period - Shot by Grant Clitsome.
6:00 of 3rd period - Shot Blocked by Jeff Petry.
6:02 of 3rd period - Shot by Jared Cowen.
6:02 of 3rd period - Shot Blocked by Joni Pitkanen.
6:10 of 3rd period - Shot by Scott Glennie.
6:10 of 3rd period - Stopped by Frederik Andersen without a rebound.
6:11 of 3rd period - Nino Niederreiter wins face-off versus Sean Monahan in Stars zone.
6:22 of 3rd period - Shot by Tyler Donati.
6:22 of 3rd period - Shot Misses the Net.
6:32 of 3rd period - Shot by Nino Niederreiter.
6:32 of 3rd period - Shot Misses the Net.
6:34 of 3rd period - Shot by Jared Cowen.
6:34 of 3rd period - Stopped by Frederik Andersen without a rebound.
6:35 of 3rd period - Jim Slater wins face-off versus Scott Glennie in Stars zone.
7:52 of 3rd period - Shot by Milan Michalek.
7:52 of 3rd period - Shot Misses the Net.
7:54 of 3rd period - Shot by Sean Monahan.
7:54 of 3rd period - Deflect By Tyler Donati.
7:54 of 3rd period - Stopped by Carey Price without a rebound.
7:55 of 3rd period - Leo Komarov wins face-off versus Alexander Wennberg in Islanders zone.
7:55 of 3rd period - Leo Komarov is hit by Zack Kassian.
9:01 of 3rd period - Shot by Sergei Kostitsyn.
9:01 of 3rd period - Shot Misses the Net.
9:12 of 3rd period - Off-side.
9:13 of 3rd period - T.J. Galiardi wins face-off versus Sean Monahan in neutral zone.
9:13 of 3rd period - Brian Strait is hit by Tyler Donati and loses puck.
9:29 of 3rd period - Shot by Sean Monahan.
9:29 of 3rd period - Shot Misses the Net.
9:31 of 3rd period - Shot by John Klingberg.
9:31 of 3rd period - Stopped by Carey Price with a rebound.
9:33 of 3rd period - Shot by Jason Garrison.
9:33 of 3rd period - Stopped by Carey Price with a rebound.
9:35 of 3rd period - Shot by Milan Michalek.
9:35 of 3rd period - Stopped by Carey Price without a rebound.
9:36 of 3rd period - Jeff Carter wins face-off versus Leo Komarov in Islanders zone.
9:46 of 3rd period - Minor Penalty to Leo Komarov for Interference.
9:47 of 3rd period - Denis Tolpeko wins face-off versus Sean Monahan in Islanders zone.
10:08 of 3rd period - Shot by Dan Hamhuis.
10:08 of 3rd period - Shot Blocked by David Desharnais.
10:41 of 3rd period - Shot by Alexander Wennberg.
10:41 of 3rd period - Stopped by Carey Price without a rebound.
10:42 of 3rd period - Alexander Wennberg wins face-off versus Chris Higgins in Islanders zone.
10:43 of 3rd period - Shot by Joni Pitkanen.
10:43 of 3rd period - Stopped by Carey Price without a rebound.
10:44 of 3rd period - Alexander Wennberg wins face-off versus Chris Higgins in Islanders zone.
11:01 of 3rd period - Shot by Jeff Carter.
11:01 of 3rd period - Stopped by Carey Price without a rebound.
11:02 of 3rd period - Denis Tolpeko wins face-off versus Sean Monahan in Islanders zone.
11:17 of 3rd period - Shot by Joni Pitkanen.
11:17 of 3rd period - Shot Misses the Net.
11:19 of 3rd period - Shot by Loui Eriksson.
11:19 of 3rd period - Shot Blocked by Carl Gunnarsson.
11:21 of 3rd period - Shot by Kevin Shattenkirk.
11:21 of 3rd period - Stopped by Carey Price without a rebound.
11:22 of 3rd period - Denis Tolpeko wins face-off versus Alexander Wennberg in Islanders zone.
11:50 of 3rd period - Brian Strait is hit by Joni Pitkanen and loses puck.
12:02 of 3rd period - Icing by Jason Garrison.
12:03 of 3rd period - Sean Monahan wins face-off versus Scott Glennie in Stars zone.
12:13 of 3rd period - Shot by Sean Monahan.
12:13 of 3rd period - Stopped by Carey Price without a rebound.
12:14 of 3rd period - Jeff Carter wins face-off versus T.J. Galiardi in Islanders zone.
12:37 of 3rd period - Icing by Andrew MacDonald.
12:38 of 3rd period - T.J. Galiardi wins face-off versus Sean Monahan in Islanders zone.
13:35 of 3rd period - Off-side.
13:36 of 3rd period - Jeff Carter wins face-off versus Scott Glennie in neutral zone.
13:55 of 3rd period - Icing by Carl Gunnarsson.
13:56 of 3rd period - Alexander Wennberg wins face-off versus Scott Glennie in Islanders zone.
14:05 of 3rd period - Shot by Mike Hoffman.
14:05 of 3rd period - Shot Blocked by Sergei Kostitsyn.
14:07 of 3rd period - Shot by Kevin Shattenkirk.
14:07 of 3rd period - Shot Misses the Net.
14:09 of 3rd period - Shot by Zack Kassian.
14:09 of 3rd period - Stopped by Carey Price without a rebound.
14:10 of 3rd period - Jeff Carter wins face-off versus Leo Komarov in Islanders zone.
14:23 of 3rd period - Shot by James Neal.
14:23 of 3rd period - Shot Blocked by Adam McQuaid.
14:32 of 3rd period - Icing by Adam McQuaid.
14:33 of 3rd period - Alexander Wennberg wins face-off versus Leo Komarov in Islanders zone.
14:41 of 3rd period - Icing by Adam McQuaid.
14:42 of 3rd period - Leo Komarov wins face-off versus Jeff Carter in Islanders zone.
14:42 of 3rd period - Leo Komarov is hit by James Neal.
14:52 of 3rd period - Shot by Adam McQuaid.
14:52 of 3rd period - Shot Misses the Net.
14:54 of 3rd period - Shot by Leo Komarov.
14:54 of 3rd period - Goal by Leo Komarov - Islanders : 2 - Stars : 4.
14:55 of 3rd period - T.J. Galiardi wins face-off versus Alexander Wennberg in neutral zone.
15:24 of 3rd period - Shot by Drew Stafford.
15:24 of 3rd period - Stopped by Frederik Andersen without a rebound.
15:25 of 3rd period - Jeff Carter wins face-off versus Sergei Kostitsyn in Stars zone.
15:42 of 3rd period - Shot by Jeff Carter.
15:42 of 3rd period - Stopped by Carey Price without a rebound.
15:43 of 3rd period - Sean Monahan wins face-off versus Leo Komarov in Islanders zone.
15:43 of 3rd period - Sean Monahan is hit by Brian Strait.
15:56 of 3rd period - Jason Garrison is hit by Leo Komarov and loses puck.
16:00 of 3rd period - Milan Michalek is hit by Brian Strait and loses puck.
16:09 of 3rd period - Shot by Sean Monahan.
16:09 of 3rd period - Stopped by Carey Price with a rebound.
16:13 of 3rd period - Shot by Milan Michalek.
16:13 of 3rd period - Stopped by Carey Price without a rebound.
16:14 of 3rd period - Alexander Wennberg wins face-off versus T.J. Galiardi in Islanders zone.
16:14 of 3rd period - Mike Hoffman is hit by Carl Gunnarsson and loses puck.
16:30 of 3rd period - Off-side.
16:31 of 3rd period - Scott Glennie wins face-off versus James Neal in neutral zone.
16:31 of 3rd period - Scott Glennie is hit by James Neal.
16:38 of 3rd period - Icing by James Neal.
16:39 of 3rd period - T.J. Galiardi wins face-off versus Jeff Carter in Stars zone.
16:44 of 3rd period - Shot by Drew Stafford.
16:44 of 3rd period - Shot Blocked by James Neal.
17:16 of 3rd period - Shot by Jiri Tlusty.
17:16 of 3rd period - Shot Blocked by John Klingberg.
17:23 of 3rd period - John Klingberg is hit by T.J. Galiardi and loses puck.
17:27 of 3rd period - Jason Garrison is hit by Carl Gunnarsson and loses puck.
17:42 of 3rd period - T.J. Galiardi is hit by Zack Kassian and loses puck.
18:06 of 3rd period - Shot by Mike Hoffman.
18:06 of 3rd period - Stopped by Carey Price without a rebound.
18:07 of 3rd period - Sean Monahan wins face-off versus Scott Glennie in Islanders zone.
18:16 of 3rd period - Shot by Sean Monahan.
18:16 of 3rd period - Shot Misses the Net.
18:38 of 3rd period - Shot by Sergei Kostitsyn.
18:38 of 3rd period - Stopped by Frederik Andersen without a rebound.
18:39 of 3rd period - Leo Komarov wins face-off versus Jim Slater in Stars zone.
18:41 of 3rd period - David Desharnais is hit by Kevin Shattenkirk.
18:54 of 3rd period - Dan Hamhuis is hit by Leo Komarov and loses puck.
19:08 of 3rd period - Brian Flynn is hit by Andrew MacDonald and loses puck.
19:57 of 3rd period - Scott Glennie is hit by Zack Kassian and loses puck.
Goals for this period are 1 for Islanders vs 1 for Stars.
Shots for this period are 5 for Islanders vs 18 for Stars.